 Dungeon Sprint DCSS version 0.22.1-1-ga44c0e56f4 (webtiles) character file.

7505 MuseOD the Unseen (level 10, 0/44 HPs)
             Began as a Spriggan Enchanter on Oct 4, 2018.
             Was a High Priest of Dithmenos.
             Succumbed to a spiny frog's poison
             ... in the Dungeon (Sprint III: "The Ten Rune Challenge").
             The game lasted 00:04:43 (1899 turns).

MuseOD the Unseen (Spriggan Enchanter)              Turns: 1899, Time: 00:04:44

Health: 0/44       AC:  4    Str:  4    XL:     10   Next: 95%
Magic:  24/31      EV: 18    Int: 19    God:    Dithmenos [*****.]
Gold:   147        SH:  0    Dex: 18    Spells: 25/41 levels left

rFire    . . .     SeeInvis +   a - +1 dagger
rCold    . . .     Gourm    .   (shield restricted)
rNeg     + . .     Faith    .   v - +2 robe {rN+}
rPois    .         Spirit   .   (helmet restricted)
rElec    .         Reflect  .   (no cloak)
rCorr    .         Harm     .   (gloves unavailable)
MR       +....     NoTele   +   (boots unavailable)
Stlth    ++++++++++             (no amulet)
HPRegen  0.14/turn              (no ring)
MPRegen  0.22/turn              (no ring)

@: lethally poisoned (0 -> -12), wreathed by umbra, very quick
A: very small, unfitting armour, see invisible, herbivore, speed 3, slow
metabolism 2
a: Shadow Step, Shadow Form, Renounce Religion


You were in the Dungeon.
You worshipped Dithmenos.
Dithmenos was extremely pleased with you.
You were not hungry.

You visited 1 branch You collected 147 gold pieces.

Inventory:

Hand Weapons
 a - a +1 dagger (weapon)
Armour
 b - a +0 robe
 k - a +2 robe of cold resistance
 v - a +2 robe of positive energy (worn)
Wands
 c - a wand of flame (27)
 t - a wand of disintegration (19)
Scrolls
 j - a scroll of blinking
 m - a scroll of torment {unknown}
 n - a scroll of fear {unknown}
 o - 2 scrolls of immolation {unknown}
 p - a scroll of identify {unknown}
 q - 2 scrolls of remove curse
Potions
 e - 3 potions of curing
 f - a potion of heal wounds
 g - a potion of haste
 h - 2 potions of magic
 i - a potion of berserk rage
 l - 4 potions of mutation {unknown}
 r - a potion of agility {unknown}
 s - 3 potions of flight
 u - a potion of might
Comestibles
 d - 4 rations


   Skills:
 + Level 14.7 Short Blades
 - Level 3.0 Dodging
 - Level 17.0 Stealth
 + Level 16.0 Spellcasting
 + Level 16.2 Hexes


You had 25 spell levels left.
You knew the following spells:

 Your Spells              Type           Power        Failure   Level  Hunger
a - Corona                Hex            ######.      0%          1    None
b - Ensorcelled Hibernat  Hex/Ice        #####.       1%          2    None
c - Confuse               Hex            ######..     0%          3    None
d - Dazzling Spray        Conj/Hex       #####.       1%          3    None
e - Tukima's Dance        Hex            ######..     0%          3    None
f - Petrify               Tmut/Erth      ###.....     36%         4    None

Your spell library contained the following spells:

 Spells                   Type           Power        Failure   Level  Hunger
 Confusing Touch          Hex            ######       0%          1    None
 Animate Skeleton         Necr           N/A          4%          1    None
 Apportation              Tloc           ###...       4%          1    None
 Summon Small Mammal      Summ           ###.         4%          1    None
 Metabolic Englaciation   Hex/Ice        #####.....   4%          5    ###....
 Yara's Violent Unravell  Hex/Tmut       #####.....   4%          5    ###....
 Gell's Gravitas          Tloc           ###.......   12%         3    None


Dungeon Overview and Level Annotations

Branches:
Dungeon (1/1)

Altars:
Dithmenos
Elyvilon
Kikubaaqudgha
Okawaru
Ru
Sif Muna
Trog
Uskayaw
Vehumet
Wu Jian
Yredelemnul
Zin
The Shining One
Beogh

Shops:
D (%!?}(*(:[=*

Annotations:
D exclusion: obsidian statue


Innate Abilities, Weirdness & Mutations

You are very small and have problems with some larger weapons.
You are too small for most types of armour.
You have supernaturally acute eyesight. (SInv)
You are a herbivore.
You cover ground extremely quickly.
You need to consume almost no food.


Message History

The spiny frog gives a loud, deep croak!
The spiny frog stings you!
You are poisoned.
The spiny frog poisons you! The komodo dragon bites you!
The spiny frog completely misses you. The spiny frog misses you.
The komodo dragon bites you!
* * * LOW HITPOINT WARNING * * *
You emit a cloud of dark smoke.
The spiny frog completely misses you.
* * * LOW HITPOINT WARNING * * *
You feel sick.
There is an open door here.
Casting: Confuse (safe; 0% risk of failure)
Confirm with . or Enter, or press ? or * to list all spells.
Aiming: Ensorcelled Hibernation (safe; 1% risk of failure)
Press: ? - help, Shift-Dir - straight line, f - spiny frog
Aim: a spiny frog (black smoke, umbra, chance to defeat MR: 71%)
The spiny frog looks drowsy...
Your shadow mimicks your spell!
The spiny frog is unaffected.
You die...

..####..E#...######'#
†.###....#.⌠.#
#...#+###########
..##.....#...#
#...#....#)#.#...
..#†.....#'###
#...##.#.)#)##.##
##.#.....#.))#
#...'##.#.#.##)#.
####....#___#
+...#...#.)#.)##.
▓▓▓▓▓▓▓▓▓▓
▓▓▓▓▓▓▓▓▓▓▓▓▓▓▓▓▓
♣♣≈≈≈........≈≈≈..
+♣♣@♣≈≈≈≈≈≈≈≈≈≈≈≈♣♣P
#FF♣♣♣♣♣♣♣♣♣♣♣♣♣♣♣♣P
#l§♣ ♣♣ ###+


You could see a komodo dragon and 2 spiny frogs.

Vanquished Creatures
  Dowan (D)
  2 yaktaur captains (D)
  Erolcha (D)
  A deep elf mage (D)
  Duvessa (D)
  A yaktaur (D)
  3 wandering mushrooms (D)
  3 orc high priests (D)
  2 redbacks (D)
  A shadow (D)
  A necrophage (D)
  5 two-headed ogres (D)
  A scorpion (D)
  A jelly (D)
  An orc priest (D)
  A wizard (D)
  Jessica (D)
  A necromancer (D)
  3 humans (D)
  A kobold demonologist (D)
  3 rats (D)
  A plant (D)
36 creatures vanquished.

Vanquished Creatures (others)
  2 draconian scorchers (D)
  6 hellions (D)
  A yaktaur (D)
  6 plants (D)
15 creatures vanquished.

Grand Total: 51 creatures vanquished

Notes
Turn   | Place    | Note
-------+----------+-------------------------------------------
     0 | D        | MuseOD the Spriggan Enchanter began the quest for the Orb.
     0 | D        | Reached XP level 1. HP: 9/9 MP: 5/5
    10 | D        | Reached skill level 5 in Stealth
    22 | D        | Noticed Jessica
    28 | D        | Killed Jessica
    28 | D        | Reached skill level 10 in Stealth
    28 | D        | Reached XP level 2. HP: 13/13 MP: 6/6
    72 | D        | Noticed a scorpion
    91 | D        | Learned a level 2 spell: Ensorcelled Hibernation
    97 | D        | Reached skill level 11 in Stealth
    97 | D        | Reached XP level 3. HP: 12/16 MP: 2/8
   113 | D        | Killed a hellion
   113 | D        | Killed a hellion
   114 | D        | Killed a hellion
   115 | D        | Killed a hellion
   115 | D        | Killed a hellion
   135 | D        | Killed a hellion
   153 | D        | Killed a yaktaur
   185 | D        | Killed a scorpion
   185 | D        | Reached skill level 13 in Stealth
   185 | D        | Reached XP level 4. HP: 21/21 MP: 0/9
   201 | D        | Killed a white draconian scorcher
   209 | D        | Killed a white draconian scorcher
   373 | D        | Noticed a water elemental
   402 | D        | Found a basalt altar of Yredelemnul.
   402 | D        | Found a shadowy altar of Dithmenos.
   402 | D        | Found a sacrificial altar of Ru.
   402 | D        | Noticed a necrophage
   404 | D        | Killed a necrophage
   404 | D        | Reached skill level 16 in Stealth
   404 | D        | Reached XP level 5. HP: 24/24 MP: 10/10
   405 | D        | Reached skill level 17 in Stealth
   409 | D        | Became a worshipper of Dithmenos the Shadowed
   417 | D        | Found a glowing silver altar of Zin.
   417 | D        | Found a glowing golden altar of the Shining One.
   417 | D        | Found a white marble altar of Elyvilon.
   417 | D        | Noticed a deep elf mage
   420 | D        | Killed a deep elf mage
   420 | D        | Reached XP level 6. HP: 28/28 MP: 10/17
   420 | D        | Reached XP level 7. HP: 32/32 MP: 11/19
   481 | D        | Found a radiant altar of Vehumet.
   482 | D        | Found a deep blue altar of Sif Muna.
   482 | D        | Found an ancient bone altar of Kikubaaqudgha.
   485 | D        | Reached * piety under Dithmenos
   499 | D        | Found a hide-covered altar of Uskayaw.
   499 | D        | Found a roughly hewn altar of Beogh.
   499 | D        | Found an iron altar of Okawaru.
   499 | D        | Found a bloodstained altar of Trog.
   499 | D        | Found an ornate altar of the Wu Jian Council.
   499 | D        | Noticed a human
   499 | D        | Noticed a human
   502 | D        | Killed a human
   542 | D        | Killed a human
   660 | D        | Learned a level 3 spell: Confuse
   664 | D        | Learned a level 3 spell: Dazzling Spray
   668 | D        | Learned a level 3 spell: Tukima's Dance
   673 | D        | Learned a level 4 spell: Petrify
   694 | D        | Noticed a shadow
   696 | D        | Killed a shadow
   696 | D        | Reached ** piety under Dithmenos
   696 | D        | Reached skill level 10 in Hexes
   696 | D        | Reached XP level 8. HP: 36/36 MP: 20/22
   715 | D        | Reached skill level 10 in Spellcasting
   725 | D        | Reached *** piety under Dithmenos
   874 | D        | Noticed a two-headed ogre
   880 | D        | Killed a two-headed ogre
   895 | D        | Noticed a two-headed ogre
   895 | D        | Noticed Erolcha
  1112 | D        | Killed Erolcha
  1112 | D        | Reached XP level 9. HP: 31/39 MP: 18/26
  1122 | D        | Killed a two-headed ogre
  1202 | D        | Reached **** piety under Dithmenos
  1239 | D        | Noticed Dowan
  1240 | D        | Noticed Duvessa
  1241 | D        | Killed Dowan
  1241 | D        | Reached XP level 10. HP: 41/44 MP: 23/29
  1290 | D        | Killed Duvessa
  1502 | D        | Noticed a yaktaur captain
  1502 | D        | Noticed a yaktaur captain
  1505 | D        | Killed a yaktaur captain
  1505 | D        | Reached skill level 15 in Spellcasting
  1505 | D        | Reached skill level 15 in Hexes
  1506 | D        | Killed a yaktaur captain
  1506 | D        | Reached ***** piety under Dithmenos
  1772 | D        | Noticed an obsidian statue
  1784 | D        | Found Divoxol's Weapon Emporium.
  1784 | D        | Found Cieze's Antique Weapon Shop.
  1784 | D        | Found Yce Xiag's Magic Scroll Boutique.
  1784 | D        | Found Ifeunuxo's General Store.
  1784 | D        | Found Feinkesa's Gadget Boutique.
  1784 | D        | Found Ottij's General Store.
  1784 | D        | Found Mahaedghu's Distillery.
  1784 | D        | Found Ucucreifu's Jewellery Shop.
  1784 | D        | Found Erojef's Food Shop.
  1784 | D        | Found Xintebla's Antique Armour Emporium.
  1784 | D        | Found Hyosu's Antique Weapon Emporium.
  1784 | D        | Found Judiasush's Book Boutique.
  1895 | D        | Noticed a spiny frog
  1895 | D        | Noticed a spiny frog
  1897 | D        | HP: 2/44 [komodo dragon (12)]
  1899 | D        | Succumbed to a spiny frog's poison

Skill      XL: |  1  2  3  4  5  6  7  8  9 10 |
---------------+-------------------------------+-----
Stealth        | 10 11 13 16 17 | 17.0
Short Blades   | 6 8 11 12 14 | 14.7
Spellcasting   | 7 9 12 14 16 | 16.0
Hexes          | 8 10 12 14 16 | 16.2
Dodging        | |  3.0

Action                   |  1- 3 |  4- 6 |  7- 9 | 10-12 || total
-------------------------+-------+-------+-------+-------++-------
Melee: Dagger            |    13 |     3 |    23 |   196 ||   235
 Cast: Ensorcelled Hiber |     5 |       |    12 |     1 ||    18
       Confuse           |       |       |     3 |    10 ||    13
Invok: Shadow Step       |       |       |     1 |     1 ||     2
 Stab: Sleeping          |     4 |     3 |    13 |     4 ||    24
       Confused          |       |       |     4 |     4 ||     8
Armor: Robe              |     1 |       |     1 |       ||     2
Dodge: Dodged            |     5 |     2 |    11 |     6 ||    24
